 Dungeon Crawl Stone Soup version 0.30-a0-726-gd89dcf765f (webtiles) character file.

Game seed: 6985140094598412439

78 hbarley the Trooper (level 4, -2/35 HPs)
             Began as a Demonspawn Fighter on Jan 29, 2023.
             Slain by a gnoll
             ... wielding a +0 whip
             ... led by a gnoll sergeant
              (3 damage)
             ... on level 4 of the Dungeon on Feb 4, 2023.
             The game lasted 00:06:42 (2190 turns).

hbarley the Trooper (Demonspawn Fighter)            Turns: 2190, Time: 00:06:42

Health: -2/35      AC: 11    Str: 18    XL:     4   Next: 15%
Magic:  4/4        EV:  5    Int: 12    God:
Gold:   119        SH:  4    Dex: 12    Spells: 3/3 levels left

rFire   . . .      SeeInvis .    a - +0 war axe
rCold   . . .      Faith    .    c - +0 buckler
rNeg    . . .      Spirit   .    r - +0 plate armour
rPois   .          Reflect  .    (no helmet)
rElec   .          Harm     .    (no cloak)
rCorr   .          Rampage  .    (no gloves)
Will    .....                    (no boots) Stlth
                                 (no amulet)
HPRegen 0.25/turn                (no ring)
MPRegen 0.09/turn                (no ring)

@: lethally poisoned (-2 -> -14)
A: big brain 1
a: no special abilities


You were on level 4 of the Dungeon.
You visited 1 branch of the dungeon, and saw 4 of its levels.

You collected 119 gold pieces.

Inventory:

Hand Weapons
 a - a +0 war axe (weapon)
Missiles
 t - 6 poisoned darts (quivered)
Armour
 b - a +0 scale mail
 c - a +0 buckler (worn)
 m - a +0 chain mail
 r - a +0 plate armour (worn)
Scrolls
 g - a scroll of magic mapping {unknown}
 h - a scroll of poison {unknown}
 i - 4 scrolls of identify {unknown}
 l - a scroll of blinking {unknown}
 n - 4 scrolls of teleportation {unknown}
 o - a scroll of noise {unknown}
 p - a scroll of vulnerability {unknown}
 s - a scroll of summoning {unknown}
Potions
 d - 2 potions of might
 e - 2 potions of degeneration {unknown}
 f - a potion of magic {unknown}
 j - a potion of cancellation {unknown}
 k - a potion of berserk rage {unknown}
 q - a potion of curing {unknown}


   Skills:
 + Level 3.3 Fighting
 + Level 2.7 Axes
 + Level 3.1 Armour
 + Level 0.8 Stealth
 + Level 3.3 Shields


You had 3 spell levels left.
You didn't know any spells.
Your spell library was empty.

Dungeon Overview and Level Annotations

Branches:
Dungeon (4/15)
 Temple: D:4-7

Altars:
Cheibriados

Shops:
D:1 (


Innate Abilities, Weirdness & Mutations

You have an unusually large brain. (Int +2)


Message History

There is a stone staircase leading down here.
You climb downwards.
The gnoll sergeant shouts!
The gnoll shouts! x4; You hear a shout!
Found a scroll labelled SOUD CI RUSUTH.
Found an escape hatch in the floor.
There is a stone staircase leading up here.
An orc comes into view. It is wielding a +0 dagger.
The gnoll barely misses you.
The gnoll sergeant hits you but does no damage.
You are poisoned.
You barely miss the gnoll. You hit the gnoll. You completely miss the gnoll.
You feel sick. The gnoll hits you but does no damage.
You block the gnoll's attack. The gnoll hits you but does no damage.
The gnoll sergeant hits you from afar with a +1 trident of venom.
You are more poisoned.
You feel very sick.
A ball python comes into view.
You block the gnoll's attack. x2; The gnoll hits you but does no damage. x3
The gnoll sergeant barely misses you.
The ball python hisses angrily.
You hit the gnoll.
The gnoll is moderately wounded.
You closely miss the gnoll. You completely miss the gnoll.
The gnoll sergeant blocks your attack.
You hit the gnoll. You slash the gnoll!
You feel very sick.
The gnoll hits you but does no damage. x4; You block the gnoll's attack.
You block the gnoll sergeant's attack.
You hit the gnoll sergeant.
The gnoll sergeant is moderately wounded.
You hit the gnoll. x2; You barely miss the gnoll. x2; You hit the gnoll.
You feel very sick. The gnoll hits you with a +0 halberd.
The gnoll hits you with a +0 whip. x2
* * * LOW HITPOINT WARNING * * *
The gnoll hits you but does no damage. x2
The gnoll sergeant hits you with a +1 trident of venom.
* * * LOW HITPOINT WARNING * * *
You are more poisoned.
You block the gnoll's attack. The gnoll hits you with a +0 spear.
* * * LOW HITPOINT WARNING * * *
The gnoll hits you but does no damage. The gnoll hits you with a +0 whip.
You die...

##### ....#
######....#
#...<.....###
#...g.g......
#.S.g@g......
..?....gg......
###....o.......
#............
#.........>..
#............
#............
#............


You could see a gnoll sergeant, 5 gnolls, an orc and a ball python.

Vanquished Creatures
  2 adders (D:3)
  A worm (D:3)
  3 dart slugs
  10 ball pythons
  2 bats
  An endoplasm (D:1)
  2 giant cockroaches (D:1)
  2 goblins
  4 hobgoblins
  8 jackals (D:1)
  A quokka (D:3)
  3 frilled lizards
  4 kobolds
  6 rats
49 creatures vanquished.

Notes
Turn   | Place    | Note
-------+----------+-------------------------------------------
     0 | D:1      | hbarley the Demonspawn Fighter began the quest for the Orb.
     0 | D:1      | Reached XP level 1. HP: 18/18 MP: 1/1
   153 | D:1      | Gained mutation: You have an unusually large brain. (Int
                  | +2) [demonic ancestry]
   153 | D:1      | Reached XP level 2. HP: 18/24 MP: 2/2
   596 | D:1      | Found a faded altar of an unknown god.
   691 | D:1      | Reached XP level 3. HP: 29/29 MP: 3/3
   809 | D:1      | Found Pean's Weapon Boutique.
  1624 | D:3      | Reached XP level 4. HP: 35/35 MP: 4/4
  1660 | D:3      | Found a snail-covered altar of Cheibriados.
  2185 | D:4      | Noticed a gnoll sergeant
  2190 | D:4      | HP: 1/35 [gnoll/+0 spear[a gnoll sergeant] (3)]
  2190 | D:4      | Slain by a gnoll

Illustrated notes

Levels and vault maps discovered:
D:1:      lemuel_arrival_lava_pool, layout_basic, serial_shops, shop,
          ebering_ecumenical_altar_ruins
D:2:      layout_basic, kennysheep_generic_room_3
D:3:      layout_rooms, cheibrodos_worm_habitat,
          mainiacjoe_overflow_six_doors_small, minmay_cut_off
D:4:      layout_gridville, mainiacjoe_overflow_alcove_4, kennysheep_little_box,
          kennysheep_mini_moat, minmay_temple_entry_mini_moons

Skill      XL: |  1  2  3 |
---------------+----------+-----
Axes           | 2 |  2.7
Shields        | 3 |  3.3
Armour         | 3 |  3.1
Fighting       | |  3.3
Stealth        | |  0.8

Action                     |  1- 3 |  4- 6 || total
---------------------------+-------+-------++-------
  Melee: War axe           |   109 |    33 ||   142
 Armour: Scale mail        |    40 |       ||    40
         Chain mail        |    26 |    10 ||    36
         Plate armour      |       |    14 ||    14
  Dodge: Dodged            |    35 |    14 ||    49
  Block: Buckler           |    18 |     8 ||    26

Table legend: (Time is in decaauts)
 A = Elapsed time spent in this place.
 B = Non-inter-level travel time spent in this place.
 C = Inter-level travel time spent in this place.
 D = Time resting spent in this place.
 E = Time spent auto-exploring this place.
 F = Levels seen in this place.
 G = Mean time per level.
                   A        B        C        D        E       F      G
               +--------+--------+--------+--------+--------+-----+--------+
         Total |   2265 |   2163 |    102 |     70 |   1663 |   4 |  566.2 |
       Dungeon |   2265 |   2163 |    102 |     70 |   1663 |   4 |  566.2 |
               +--------+--------+--------+--------+--------+-----+--------+

Top non-repeatable levels by time:
     D:1: 1058 daAuts
     D:3: 789 daAuts
     D:2: 412 daAuts
     D:4: 5 daAuts
